 Dungeon Crawl Stone Soup version 0.19.1-1-g22dce08 (webtiles) character file.

367 Peloso the Slasher (level 6, -3/50 (51) HPs)
             Began as a Ghoul Gladiator on Dec 31, 2016.
             Slain by an ogre
             ... wielding a +0 giant spiked club
              (25 damage)
             ... on level 4 of the Dungeon.
             The game lasted 00:08:27 (3035 turns).

Peloso the Slasher (Ghoul Gladiator)                Turns: 3035, Time: 00:08:28

HP:   -3/50 (51)    AC: 10    Str: 19    XL:     6   Next: 69%
MP:   0/5           EV: 10    Int:  3    God:
Gold: 106           SH:  3    Dex: 11    Spells: 0 memorised, 5 levels left

rFire  . . .     SeeInvis .     a - +0 long sword
rCold  + . .     Gourm    .     v - +0 scale mail
rNeg   + + +     Faith    .     j - +0 buckler
rPois  ∞         Spirit   +     i - +2 helmet
rElec  .         Reflect  .     u - +0 cloak
rCorr  .         Harm     .     (no gloves)
MR     .....                    (no boots)
Stlth  ..........               l - amulet of guardian spirit
                                (no ring)
                                (no ring)

@: rotting
A: rotting body, claws 1, carnivore 3, cold resistance 1, negative energy
resistance 3, slow regeneration 1, torment resistance, unbreathing
a: no special abilities


You were on level 4 of the Dungeon.
You were not hungry.

You visited 1 branch of the dungeon, and saw 4 of its levels.

You collected 106 gold pieces.

Inventory:

Hand Weapons
 a - a +0 long sword (weapon)
 r - a cursed -2 short sword
Missiles
 d - 3 throwing nets (quivered)
Armour
 i - a +2 helmet (worn)
 j - a +0 buckler (worn)
 u - a +0 cloak (worn)
 v - a +0 scale mail (worn)
Jewellery
 l - an amulet of guardian spirit (around neck)
 o - an uncursed amulet of the gourmand
Scrolls
 e - 2 scrolls of identify
 g - a scroll of fear {unknown}
 h - a scroll of enchant armour {unknown}
 k - 2 scrolls of teleportation {unknown}
 m - 2 scrolls of amnesia {unknown}
 n - 2 scrolls of recharging {unknown}
 p - 2 scrolls of remove curse {unknown}
 q - 2 scrolls of immolation {unknown}
Potions
 b - 3 potions of curing
 s - a potion of flight
 t - a potion of brilliance
Comestibles
 f - 2 meat rations


   Skills:
 + Level 3.3 Fighting
 + Level 4.7 Long Blades
 + Level 1.7 Throwing
 + Level 2.6 Armour
 + Level 3.3 Dodging
 + Level 0.8 Stealth
 + Level 1.1 Shields


You had 5 spell levels left.
You didn't know any spells.

Dungeon Overview and Level Annotations

Branches:
Dungeon (4/15)
 Temple: D:4-7

Altars:
Trog


Innate Abilities, Weirdness & Mutations

Your body is rotting away.
You thrive on raw meat.
You are immune to poison.
You have sharp fingernails.
You are carnivorous and can eat meat at any time.
Your flesh is cold resistant. (rC+)
You are immune to negative energy. (rN+++)
You regenerate slowly when monsters are visible.
You are immune to unholy pain and torment.
You can survive without breathing.


Message History

The ogre barely misses you.
You barely miss the ogre.
The ogre is severely wounded.
You block the ogre's attack.
You hit the ogre.
The ogre is almost dead.
Your scale mail prevents you from hitting the ogre.
The ogre is almost dead.
The ogre barely misses you.
You barely miss the ogre.
The ogre is almost dead.
The ogre barely misses you.
You hit the ogre.
The ogre is almost dead.
The ogre barely misses you.
You closely miss the ogre.
The ogre is almost dead.
The ogre hits you with a giant spiked club!!
Ouch! That really hurt!
You die...

#........#
........h.###.
##.##....## .........##
## #........##
.........# #
###..(....# .........#
#........## .........#
#.........###
.........#
###.........##
........##
##.........###
...O....#
###.....#..@##.......##
###....#..O## .....#
###..###..##.....# ####
###...# #####


You could see an ogre.

Vanquished Creatures
  An ogre (D:4)
  A centaur zombie (D:3)
  An orc priest (D:3)
  2 orc wizards (D:3)
  7 adders
  An ooze (D:1)
  2 worms (D:2)
  A dart slug (D:3)
  4 leopard geckos
  7 orcs (D:3)
  3 ball pythons
  2 giant cockroaches (D:1)
  11 hobgoblins
  2 jackals (D:3)
  4 kobolds
  2 quokkas
  2 bats
  4 frilled lizards
  5 goblins
  7 rats
69 creatures vanquished.

Vanquished Creatures (others)
  An orc wizard (D:3)
1 creature vanquished.

Grand Total: 70 creatures vanquished

Notes
Turn   | Place    | Note
-------+----------+-------------------------------------------
     0 | D:1      | Peloso the Ghoul Gladiator began the quest for the Orb.
     0 | D:1      | Reached XP level 1. HP: 17/17 MP: 0/0
    26 | D:1      | Reached skill level 3 in Long Blades
    26 | D:1      | Reached XP level 2. HP: 14/25 MP: 1/1
   250 | D:1      | Reached XP level 3. HP: 26/30 MP: 2/2
   679 | D:2      | Reached skill level 1 in Armour
  1473 | D:3      | Reached XP level 4. HP: 32/37 MP: 3/3
  1564 | D:3      | Reached XP level 5. HP: 9/44 MP: 4/4
  1657 | D:3      | Reached skill level 4 in Long Blades
  2275 | D:3      | Reached XP level 6. HP: 17/50 MP: 1/5
  2865 | D:4      | Reached skill level 1 in Shields
  2980 | D:4      | Found a bloodstained altar of Trog.
  3035 | D:4      | Slain by an ogre

Skill      XL: |  1  2  3  4  5  6 |
---------------+-------------------+-----
Long Blades    | 3 4 |  4.7
Dodging        | 3 |  3.3
Armour         | 1 2 |  2.6
Fighting       | 3 |  3.3
Shields        | 1 |  1.1
Throwing       | |  1.7
Stealth        | |  0.8

Action                   |  1- 3 |  4- 6 || total
-------------------------+-------+-------++-------
Melee: Long sword        |    96 |   193 ||   289
  Use: Potion            |       |     2 ||     2
       Scroll            |       |     2 ||     2
  Eat: Chunk             |     4 |    10 ||    14
Armor: Leather armour    |    27 |    18 ||    45
       Scale mail        |       |    67 ||    67
Dodge: Dodged            |    71 |   131 ||   202
Block: Buckler           |     4 |    27 ||    31
       Rpst.: Long sword |    22 |    37 ||    59
